 Dungeon Crawl Stone Soup version 0.28.0 (webtiles) character file.

Game seed: 13203777395408248837

93 bande the Skirmisher (level 4, -10/29 HPs)
             Began as a Gargoyle Fighter on Feb 16, 2022.
             Mangled by a two-headed ogre (22 damage)
             ... on level 4 of the Dungeon.
             The game lasted 00:06:02 (3337 turns).

bande the Skirmisher (Gargoyle Fighter)             Turns: 3337, Time: 00:06:02

Health: -10/29     AC: 13    Str: 19    XL:     4   Next: 61%
Magic:  4/4        EV: 14    Int:  9    God:
Gold:   108        SH:  4    Dex: 11    Spells: 3/3 levels left

rFire   . . .      SeeInvis +   a - +0 war axe
rCold   + . .      Faith    .   c - +0 buckler
rNeg    + . .      Spirit   .   j - +6 leather armour "Ewihyppe" {rC+ Will+}
rPois   ∞          Reflect  .   (no helmet)
rElec   +          Harm     .   (no cloak)
rCorr   .          Rampage  .   (no gloves)
Will    +....                   (no boots)
Stlth   +.........              (no amulet)
HPRegen 0.09/turn               h - ring of see invisible
MPRegen 0.09/turn               b - +4 ring of evasion

@: no status effects
A: sickness immunity, AC +3, negative energy resistance 1, electricity
resistance, torment resistance 1, petrification resistance
a: no special abilities


You were on level 4 of the Dungeon.
You visited 1 branch of the dungeon, and saw 4 of its levels.

You collected 108 gold pieces.

Inventory:

Hand Weapons
 a - a +0 war axe (weapon)
 g - a +0 war axe
Missiles
 f - a throwing net (quivered)
Armour
 c - a +0 buckler (worn)
 e - a +0 chain mail
 j - the +6 leather armour "Ewihyppe" (worn) {rC+ Will+}
   (You found it on level 2 of the Dungeon)

   rC:        It protects you from cold.
   Will:      It increases your willpower.
Jewellery
 b - a +4 ring of evasion (right hand)
 h - a ring of see invisible (left hand)
Potions
 d - a potion of might


   Skills:
 + Level 4.1 Fighting
 + Level 2.9 Axes
 + Level 4.0 Armour
 + Level 3.6 Shields


You had 3 spell levels left.
You didn't know any spells.
Your spell library contained the following spells:

 Spells                   Type           Power      Damage    Failure   Level
 Fireball                 Conj/Fire      0%         3d3       100%        5
 Starburst                Conj/Fire      0%         6d3       100%        6
 Ignition                 Fire           0%         3d3       100%        8


Dungeon Overview and Level Annotations

Branches:
Dungeon (4/15)
 Temple: D:4-7

Altars:
Hepliaklqana
Xom

Shops:
D:3 [

Annotations:
D:4 Robin


Innate Abilities, Weirdness & Mutations

You are immune to sickness and miasma.
Your stone body is resilient. (AC +3)
You are immune to poison.
You resist negative energy. (rN+)
You are resistant to electric shocks. (rElec)
You are resistant to unholy torment.
You are immune to petrification.


Message History

You see here 21 stones.
You open the door.
There is an open door here.
There is a stone staircase leading down here.
You climb downwards.
The goblin shouts!
The gnoll shouts! x3; The two-headed ogre shouts in stereo!
You hear a shout! x4; You hear an angry growl.
Found four items.
Found a stone staircase leading up.
There is a stone staircase leading up here.
You hit the two-headed ogre.
The two-headed ogre is lightly wounded.
The two-headed ogre barely misses you. x2
A goblin comes into view. It is wielding a +0 club.
A hobgoblin comes into view.
You barely miss the two-headed ogre.
The two-headed ogre is lightly wounded.
The goblin shouts!
You hit the hound skeleton but do no damage.
You hear a shout!
The hound skeleton barely misses you.
A goblin comes into view. It is wielding a +0 club.
The hound skeleton barely misses you.
A goblin comes into view. It is wielding a +0 club.
The two-headed ogre barely misses you.
The two-headed ogre hits you but does no damage.
The goblin shouts!
You slash the two-headed ogre!
The two-headed ogre is moderately wounded.
You hit the hound skeleton but do no damage.
You hear a shout!
The hound skeleton bites you but does no damage.
The two-headed ogre misses you. x2; The hound skeleton closely misses you.
A gnoll comes into view.
It is wielding a +0 whip and quivering silver boomerangs.
Robin of the Strong Arm comes into view.
They are wielding a +0 short sword.
The hound skeleton bites you but does no damage.
The two-headed ogre hits you with a +0 great mace!
Ouch! That really hurt!
The two-headed ogre hits you with a +0 giant club!!
Ouch! That really hurt!
You die...

.(. #.# ..
##.#
.....###
.#....
#.".<#
#....#
#.$..#
#.Z@.#
#.O..#
#g.g.#
g.g...#
g.g....#
g..g.....#
..g..#####
g....


You could see a two-headed ogre, Robin, 4 gnolls, 2 hobgoblins, 3 goblins and a
hound skeleton.

Vanquished Creatures
  2 adders (D:3)
  A worm (D:2)
  3 dart slugs
  3 orcs (D:3)
  3 ball pythons
  11 bats
  6 endoplasms
  5 giant cockroaches
  4 goblins
  4 hobgoblins
  2 jackals (D:2)
  3 quokkas
  3 frilled lizards
  5 kobolds
  3 rats
58 creatures vanquished.

Notes
Turn   | Place    | Note
-------+----------+-------------------------------------------
     0 | D:1      | bande the Gargoyle Fighter began the quest for the Orb.
     0 | D:1      | Reached XP level 1. HP: 14/14 MP: 1/1
   174 | D:1      | Reached XP level 2. HP: 16/19 MP: 2/2
   558 | D:1      | Reached XP level 3. HP: 21/24 MP: 3/3
   836 | D:1      | Found a faded altar of an unknown god.
  1800 | D:2      | Identified the +6 leather armour "Ewihyppe" {rC+ Will+}
  2255 | D:3      | Reached XP level 4. HP: 29/29 MP: 4/4
  2512 | D:3      | Found a shimmering altar of Xom.
  2513 | D:3      | Found a hazy altar of Hepliaklqana.
  2514 | D:3      | Noticed a spectral ugly thing
  2909 | D:3      | Found Buyphaer's Antique Armour Boutique.
  3333 | D:4      | Noticed a two-headed ogre
  3336 | D:4      | Noticed Robin
  3337 | D:4      | Mangled by a two-headed ogre

Illustrated notes

Levels and vault maps discovered:
D:1:      dpeg_arrival_court, layout_rooms, ebering_ecumenical_altar_abandoned,
          minmay_unequal
D:2:      layout_loops_cross
D:3:      layout_basic, regret_index_temple_of_mockery, serial_shops,
          shop_fountains
D:4:      layout_rooms, gammafunk_temple_overflow_wave, serial_shops, shop,
          st_stairs_7, uniq_pikel, uniq_robin, uniq_crazy_yiuf_cottage

Skill      XL: |  1  2  3  4 |
---------------+-------------+-----
Axes           | 2 |  2.9
Fighting       | 4 |  4.1
Armour         | 4 |  4.0
Shields        | |  3.6

Action                   |  1- 3 |  4- 6 || total
-------------------------+-------+-------++-------
Melee: War axe           |   127 |    51 ||   178
  Use: Scroll            |     3 |     1 ||     4
Armor: Chain mail        |   101 |       ||   101
       Scale mail        |     2 |       ||     2
       Leather armour    |     6 |    21 ||    27
Dodge: Dodged            |    68 |    50 ||   118
Block: Buckler           |    31 |    11 ||    42
